 Dungeon Crawl Stone Soup version 0.26-a0-638-gcca6ad1b57 (webtiles) character file.

Game seed: 14298649714667352518

248 DogServant the Bolt Thrower (level 6, -1/38 HPs)
             Began as a Kobold Hunter on Sept 14, 2020.
             Succumbed to a hornet's poison
             ... on level 4 of the Dungeon.
             The game lasted 00:09:39 (3210 turns).

DogServant the Bolt Thrower (Kobold Hunter)         Turns: 3210, Time: 00:09:39

Health: -1/38      AC:  7    Str: 11    XL:     6   Next: 34%
Magic:  6/6        EV: 15    Int: 12    God:
Gold:   193        SH:  0    Dex: 16    Spells: 5/5 levels left

rFire    + . .     SeeInvis .   f - +2 short sword (protect)
rCold    + . .     Faith    .   (shield restricted)
rNeg     . . .     Spirit   .   A - +2 leather armour {rC+}
rPois    .         Reflect  .   t - +1 helmet
rElec    .         Harm     .   (no cloak)
rCorr    .         Rampage  .   (no gloves)
MR       .....                  (no boots)
Stlth    +++.......             b - amulet of regeneration
HPRegen  0.52/turn              i - ring of protection from fire
MPRegen  0.10/turn              (no ring)

@: lethally poisoned (-1 -> -10), hasted and slowed
A: small, nightstalker 3
a: no special abilities


You were on level 4 of the Dungeon.
You visited 1 branch of the dungeon, and saw 4 of its levels.

You collected 193 gold pieces.

Inventory:

Hand Weapons
 a - a +1 hand crossbow
 f - a +2 short sword of protection (weapon)
Missiles
 d - 46 bolts
Armour
 t - a +1 helmet (worn)
 A - a +2 leather armour of cold resistance (worn)
Jewellery
 b - an amulet of regeneration (around neck)
 i - a ring of protection from fire (left hand)
 j - an uncursed amulet of magic regeneration
 p - an uncursed amulet of faith
 q - a cursed amulet of inaccuracy {unknown}
 r - a +6 ring of intelligence {unknown}
 v - a +6 ring of intelligence {unknown}
 x - an uncursed ring of stealth {unknown}
Wands
 w - a wand of random effects (11)
Scrolls
 e - 3 scrolls of identify {unknown}
 k - 2 scrolls of enchant armour {unknown}
 l - a scroll of amnesia {unknown}
 o - 2 scrolls of magic mapping {unknown}
 s - 2 scrolls of noise {unknown}
 u - a scroll of blinking {unknown}
 y - 2 scrolls of remove curse {unknown}
 z - a scroll of enchant weapon {unknown}
Potions
 h - 3 potions of heal wounds {unknown}
 m - 2 potions of lignification {unknown}
 n - a potion of mutation {unknown}


   Skills:
 + Level 4.2 Fighting
 - Level 2.1 Short Blades
 + Level 6.5 Crossbows
 - Level 2.4 Dodging
 - Level 4.0 Stealth


You had 5 spell levels left.
You didn't know any spells.
Your spell library contained the following spells:

 Spells                   Type           Power        Failure   Level
 Magic Dart               Conj           #...         41%         1
 Blink                    Tloc           N/A          54%         2
 Call Imp                 Summ           #.......     54%         2
 Slow                     Hex            #.......     54%         2
 Conjure Flame            Conj/Fire      #.......     78%         3
 Mephitic Cloud           Conj/Pois/Air  #.......     78%         3


Dungeon Overview and Level Annotations

Branches:
Dungeon (4/15)
 Temple: D:4-7

Altars:
Makhleb
Nemelex Xobeh


Innate Abilities, Weirdness & Mutations

You are small and have problems with some larger weapons.
You are completely attuned to the shadows.


Message History

You feel sick.
The hornet stings you but does no damage.
The hornet stings you.
You feel yourself slow down.
You feel sick.
The hornet stings you but does no damage.
The hornet stings you!
You feel as though you will be slow longer.
Aiming: Random Effects
Press: ? - help, Shift-Dir - straight line, f - hornet
Aim: a hornet The puff of flame hits the hornet.
The hornet is lightly wounded.
You feel sick. The hornet stings you!
* * * LOW HITPOINT WARNING * * *
You are more poisoned.
You feel as though you will be slow longer.
The hornet stings you but does no damage.
Okay, then.
It was a potion of haste.
You feel yourself speed up.
You die...

#....####.........#
#......##.#.#######
#....#.##.#.#
#...........
.....#.##.#
.#.##.##.#
..##.##.#
........###########
#.##>.[......@y....
. ################


You could see a hornet.

Vanquished Creatures
  Natasha (D:2)
  4 gnolls
  7 adders
  An ufetubus (D:2)
  2 oozes (D:1)
  An adder skeleton (D:4)
  A dart slug (D:2)
  6 leopard geckos
  An orc (D:4)
  9 bats
  18 giant cockroaches
  8 goblins
  3 hobgoblins
  3 jackals (D:3)
  10 kobolds
  3 quokkas
  5 ball pythons
  4 frilled lizards
  13 rats
100 creatures vanquished.

Notes
Turn   | Place    | Note
-------+----------+-------------------------------------------
     0 | D:1      | DogServant the Kobold Hunter began the quest for the Orb.
     0 | D:1      | Reached XP level 1. HP: 12/12 MP: 1/1
     5 | D:1      | Reached skill level 5 in Crossbows
    25 | D:1      | Reached XP level 2. HP: 18/18 MP: 2/2
    56 | D:1      | Reached XP level 3. HP: 18/22 MP: 3/3
  1078 | D:2      | Reached XP level 4. HP: 19/28 MP: 4/4
  1501 | D:2      | Reached skill level 1 in Short Blades
  1623 | D:2      | Reached XP level 5. HP: 32/32 MP: 5/5
  1898 | D:2      | Noticed Natasha
  1903 | D:2      | Killed Natasha
  1903 | D:2      | Reached skill level 6 in Crossbows
  2272 | D:3      | Reached XP level 6. HP: 38/38 MP: 6/6
  2467 | D:3      | Found a burning altar of Makhleb.
  2509 | D:3      | Found a sparkling altar of Nemelex Xobeh.
  3200 | D:4      | Noticed a hornet
  3209 | D:4      | HP: 1/38 [hornet (12)]
  3210 | D:4      | Succumbed to a hornet's poison

Illustrated notes

Levels and vault maps discovered:
D:1:      onia_arrival_handbag, layout_rooms, chequers_jeans, minivault_27
D:2:      minmay_roachtagon, layout_rooms, uniq_natasha
D:3:      layout_loops_cross, nemelex_xobeh_ov_fountains_minmay,
          overflow_temple_1_default
D:4:      layout_loops_ring, serial_shops, nicolae_shop_crystal,
          grunt_ministairs_5

Skill      XL: |  1  2  3  4  5  6 |
---------------+-------------------+-----
Crossbows      | 5 6 |  6.5
Stealth        | 2 3 4 |  4.0
Fighting       | 3 4 |  4.2
Short Blades   | 1 2 |  2.1
Dodging        | |  2.4

Action                   |  1- 3 |  4- 6 || total
-------------------------+-------+-------++-------
Melee: Short sword       |    68 |   190 ||   258
 Fire: Hand crossbow     |    11 |    19 ||    30
Evoke: Wand              |       |     1 ||     1
  Use: Potion            |       |     1 ||     1
 Stab: Sleeping          |     9 |    12 ||    21
       Distracted        |       |     2 ||     2
Armor: Leather armour    |    18 |    71 ||    89
Dodge: Dodged            |    64 |   193 ||   257

Table legend: (Time is in decaauts)
 A = Elapsed time spent in this place.
 B = Non-inter-level travel time spent in this place.
 C = Inter-level travel time spent in this place.
 D = Time resting spent in this place.
 E = Time spent auto-exploring this place.
 F = Levels seen in this place.
 G = Mean time per level.
                   A        B        C        D        E       F      G
               +--------+--------+--------+--------+--------+-----+--------+
         Total |   3221 |   3124 |     97 |    451 |   1879 |   4 |  805.2 |
       Dungeon |   3221 |   3124 |     97 |    451 |   1879 |   4 |  805.2 |
               +--------+--------+--------+--------+--------+-----+--------+

Top non-repeatable levels by time:
     D:3: 1116 daAuts
     D:1: 1044 daAuts
     D:2: 923 daAuts
     D:4: 137 daAuts
